 Dungeon Crawl Stone Soup version 0.27.1-1-g398f81649c (webtiles) character file.

Game seed: 6902866251513005270

283 Kinoniko the Cudgeller (level 6, -2/38 HPs)
             Began as a Gargoyle Fighter on Sept 22, 2021.
             Engulfed by a cloud of steam (3 damage)
             ... on level 3 of the Dungeon.
             The game lasted 00:02:29 (2136 turns).

Kinoniko the Cudgeller (Gargoyle Fighter)           Turns: 2136, Time: 00:02:30

Health: -2/38      AC: 24    Str: 21    XL:     6   Next: 28%
Magic:  6/6        EV:  7    Int:  9    God:
Gold:   102        SH: 10    Dex: 15    Spells: 5/5 levels left

rFire    . . .     SeeInvis .   a - +0 flail
rCold    + . .     Faith    .   c - +0 kite shield
rNeg     + . .     Spirit   .   i - +4 scale mail {rC+}
rPois    ∞         Reflect  .   m - +4 helmet of Gehenna {rPois}
rElec    +         Harm     .   (no cloak)
rCorr    .         Rampage  .   (no gloves)
Will     .....                  (no boots)
Stlth    ..........             (no amulet)
HPRegen  0.12/turn              f - +4 ring of protection
MPRegen  0.10/turn              j - +6 ring of dexterity

@: mighty
A: sickness immunity, AC +4, negative energy resistance 1, electricity
resistance, torment resistance 1, petrification resistance
a: no special abilities


You were on level 3 of the Dungeon.
You visited 1 branch of the dungeon, and saw 3 of its levels.

You collected 102 gold pieces.

Inventory:

Hand Weapons
 a - a +0 flail (weapon)
Armour
 b - a +0 scale mail
 c - a +0 kite shield (worn)
 i - a +4 scale mail of cold resistance (worn)
 m - the +4 helmet of Gehenna (worn) {rPois}
   (You took it off Robin on level 3 of the Dungeon)

   rPois:     It protects you from poison.
Jewellery
 f - a +4 ring of protection (left hand)
 j - a +6 ring of dexterity (right hand)
Scrolls
 g - a scroll of identify {unknown}
 h - a scroll of torment {unknown}
 l - a scroll of holy word {unknown}
Potions
 d - a potion of might
 e - a potion of attraction {unknown}


   Skills:
 + Level 3.9 Fighting
 * Level 5.3 Maces & Flails
 - Level 3.2 Armour
 - Level 4.5 Shields


You had 5 spell levels left.
You didn't know any spells.
Your spell library was empty.

Dungeon Overview and Level Annotations

Branches:
Dungeon (3/15)

Altars:
Trog
Uskayaw


Innate Abilities, Weirdness & Mutations

You are immune to sickness and miasma.
Your stone body is resilient. (AC +4)
You are immune to poison.
You resist negative energy. (rN+)
You are resistant to electric shocks. (rElec)
You are resistant to unholy torment.
You are immune to petrification.


Message History

The frilled lizard hisses angrily.
Sorry, you're not good enough to have a special ability.
You feel very mighty all of a sudden.
The steam dragon bites you but does no damage.
The steam dragon claws you but does no damage.
You sock the steam dragon!
The steam dragon is heavily wounded.
You block the steam dragon's attack. The steam dragon claws you.
A giant cockroach comes into view.
The steam dragon bites you but does no damage.
The steam dragon claws you but does no damage.
You closely miss the steam dragon.
The steam dragon is heavily wounded.
The steam dragon bites you. The steam dragon closely misses you.
You block the frilled lizard's attack.
You closely miss the steam dragon.
The steam dragon is heavily wounded.
The steam dragon barely misses you. x2; You block the frilled lizard's attack.
You sock the steam dragon!
The steam dragon is almost dead.
The steam dragon breathes steam at you. The ball of steam hits you.
The frilled lizard bites you but does no damage.
You block the steam dragon's attack. The steam dragon claws you.
You sock the steam dragon!
You kill the steam dragon!
You are engulfed in a cloud of scalding steam.
* * * LOW HITPOINT WARNING * * *
The frilled lizard is engulfed in a cloud of scalding steam.
The frilled lizard dies!
The giant cockroach closely misses you.
Your Maces & Flails skill increases to level 5!
You have reached level 6!
Your experience leads to an increase in your attributes!
Your base attributes are Str 20, Int 9, Dex 9.
Increase (S)trength, (I)ntelligence, or (D)exterity?
You feel stronger.
It was a potion of magic.
Magic courses through your body.
You are engulfed in a cloud of scalding steam.
You die...

........♣ ♣.≈≈≈§≈§≈.♣
♣≈..§≈≈§.≈♣ ♣≈.§.§.≈.§♣
###♣≈.≈._.≈.≈♣###
#####..♣§§≈...§.≈♣..#
###.....#♣§§§≈≈§.§≈♣.>#
#...<....♣B≈≈§≈§§§.♣..#
.#........♣§@§..§...♣.##
.............♣♣♣♣♣♣♣♣♣..#
..............# ####
....#......)..#
..............#
....#.........#
....#.>.......# ..
#.........# #....[....#


You could see a giant cockroach.

Vanquished Creatures
  A steam dragon (D:3)
  A hound (D:2)
  Terence (D:2)
  Robin (D:3)
  An adder (D:2)
  A gnoll (D:1)
  3 dart slugs
  5 bats
  3 endoplasms (D:2)
  2 giant cockroaches
  14 goblins
  7 hobgoblins
  3 quokkas
  3 ball pythons
  A frilled lizard (D:2)
  3 kobolds (D:2)
  4 rats
54 creatures vanquished.

Vanquished Creatures (others)
  A frilled lizard (D:3)
1 creature vanquished.

Grand Total: 55 creatures vanquished

Notes
Turn   | Place    | Note
-------+----------+-------------------------------------------
     0 | D:1      | Kinoniko the Gargoyle Fighter began the quest for the Orb.
     0 | D:1      | Reached XP level 1. HP: 14/14 MP: 1/1
   254 | D:1      | Reached XP level 2. HP: 19/19 MP: 2/2
   381 | D:1      | Reached skill level 3 in Maces & Flails
   396 | D:1      | Reached XP level 3. HP: 23/23 MP: 3/3
   766 | D:2      | Noticed Terence
   782 | D:2      | Killed Terence
   978 | D:2      | Reached XP level 4. HP: 28/28 MP: 4/4
  1617 | D:3      | Noticed a steam dragon
  1617 | D:3      | Found a faded altar of an unknown god.
  1617 | D:3      | Found a bloodstained altar of Trog.
  1636 | D:2      | Reached skill level 4 in Maces & Flails
  1823 | D:3      | Identified the +4 helmet of Gehenna {rPois}
  1823 | D:3      | Noticed Robin
  1834 | D:2      | Reached XP level 5. HP: 32/32 MP: 5/5
  2061 | D:3      | Found a hide-covered altar of Uskayaw.
  2071 | D:3      | Killed Robin
  2135 | D:3      | Killed a steam dragon
  2135 | D:3      | HP: 1/32 [something (15)]
  2136 | D:3      | Reached skill level 5 in Maces & Flails
  2136 | D:3      | Reached XP level 6. HP: 1/38 MP: 6/6
  2136 | D:3      | Engulfed by a cloud of steam

Illustrated notes

Levels and vault maps discovered:
D:1:      wander_arrival_lonely_grave, layout_loops_ring
D:2:      layout_loops_ring, uniq_terence
D:3:      layout_rooms, mainiacjoe_overflow_paths, bloody_trog, serial_shops,
          shop, basic_ecumenical_altar, uniq_jessica, uniq_robin,
          uniq_crazy_yiuf_cottage

Skill      XL: |  1  2  3  4  5 |
---------------+----------------+-----
Maces & Flails | 3 4 5 |  5.3
Shields        | 4 |  4.5
Fighting       | |  3.9
Armour         | |  3.2

Action                   |  1- 3 |  4- 6 || total
-------------------------+-------+-------++-------
Melee: Flail             |    67 |    95 ||   162
  Use: Potion            |       |     2 ||     2
Armor: Scale mail        |    32 |    75 ||   107
Dodge: Dodged            |    19 |    47 ||    66
Block: Kite shield       |    39 |    81 ||   120
